[Event "Team 45 45 League T40"]
[Site "Internet Chess Club"]
[Date "2009.02.08"]
[Round "2"]
[White "trophyking"]
[Black "chiiwen"]
[Result "1-0"]
[WhiteElo "2293"]
[BlackElo "2054"]
[Opening "Sicilian: accelerated fianchetto, modern variation with Bc4"]
[ECO "B35"]
[Time "11:23:11"]
[TimeControl "2700+45"]

1. e4 c5 2. Nf3 g6 3. d4 cxd4 4. Nxd4 Nc6 5. Nc3 Bg7 6. Be3 Nf6 7. Bc4 O-O 8.
Bb3 Ng4 9. Qxg4 Nxd4 10. Qd1 Nxb3 11. axb3 a5 12. O-O Ra6 13. Bd4 Rd6 14. Nd5
Rc6 15. Bxg7 Kxg7 16. Qd4+ f6 17. c4 d6 18. b4 axb4 19. Nxb4 Rc5 20. Nd5 Be6 21.
b4 Rc6 22. f4 Bxd5 23. exd5 Qb6 24. Qxb6 Rxb6 25. b5 Rc8 26. Ra4 Kf7 27. Re1 e5
28. g3 h6 29. Kf1 Re8 30. Re2 f5 31. Ke1 Kf6 32. Kd2 Rc8 33. Kd3 g5 34. Rea2
gxf4 35. gxf4 Rg8 36. Ra8 Rg1 37. Rf8+ Ke7 38. Rxf5 Rd1+ 39. Kc3 Rb1 40. Rb2 Ra1
41. Kb3 Ra8 42. Ra2 Rc8 43. Kb4 e4 44. Re2 {Black resigns} 1-0

[Event "Team 45 45 League T40"]
[Site "Internet Chess Club"]
[Date "2009.02.08"]
[Round "2"]
[White "Wheels"]
[Black "KarloTurk"]
[Result "1-0"]
[WhiteElo "1978"]
[BlackElo "1961"]
[Opening "Sicilian: closed"]
[ECO "B23"]
[Time "13:28:03"]
[TimeControl "2700+45"]

1. e4 c5 2. Nc3 e6 3. f4 d5 4. Nf3 Nc6 5. Bb5 a6 6. Bxc6+ bxc6 7. O-O g6 8. d3
Bg7 9. Qe2 Ne7 10. Bd2 O-O 11. Rab1 Qb6 12. Qf2 Rb8 13. Na4 Qa7 14. Qxc5 Qxc5+
15. Nxc5 Rxb2 16. Rxb2 Bxb2 17. Bb4 Bg7 18. Rb1 Re8 19. Ba3 h6 20. Rb6 dxe4 21.
dxe4 a5 22. Rb8 g5 23. Nxe6 fxe6 24. Bxe7 Rxe7 25. Rxc8+ Kf7 26. fxg5 {Black
resigns} 1-0

[Event "Team 45 45 League T40"]
[Site "Internet Chess Club"]
[Date "2009.02.05"]
[Round "2"]
[White "chess9793"]
[Black "Philly-Boy"]
[Result "1-0"]
[WhiteElo "1877"]
[BlackElo "1790"]
[Opening "Scandinavian defense"]
[ECO "B01"]
[Time "23:00:19"]
[TimeControl "2700+45"]

1. e4 d5 2. exd5 Nf6 3. d4 Bg4 4. Be2 Bxe2 5. Qxe2 Qxd5 6. Nf3 Nc6 7. O-O Nxd4
8. Nxd4 Qxd4 9. Qb5+ Qd7 10. Qxb7 Rd8 11. Qxa7 e5 12. Nc3 Bd6 13. Bg5 h6 14.
Bxf6 gxf6 15. Qa4 c6 16. Rad1 f5 17. Rfe1 f6 18. Qh4 Kf7 19. Qh5+ Kg7 20. Re2
Rhg8 21. Red2 Qe6 22. Qf3 e4 23. Rxd6 Rxd6 24. Qg3+ Kh7 25. Qxd6 {Black resigns}
1-0

[Event "Team 45 45 League T40"]
[Site "Internet Chess Club"]
[Date "2009.02.08"]
[Round "2"]
[White "lmadueno"]
[Black "Duguesclin"]
[Result "1-0"]
[WhiteElo "1597"]
[BlackElo "1631"]
[Opening "Nimzo-Indian defense"]
[ECO "E20"]
[Time "10:01:36"]
[TimeControl "2700+45"]

1. d4 Nf6 2. c4 e6 3. Nc3 Bb4 4. Bd2 O-O 5. a3 Be7 6. e4 d5 7. cxd5 exd5 8. e5
Ne4 9. Nf3 Bg4 10. Be2 Nxd2 11. Qxd2 c6 12. Qf4 Be6 13. O-O Nd7 14. b4 f6 15.
Qg3 fxe5 16. dxe5 Qc7 17. Bd3 Rf7 18. Nd4 Qxe5 19. Nxe6 Qxe6 20. Rfe1 Qf6 21.
Qh3 Qxf2+ 22. Kh1 Nf6 23. Rf1 Qb2 24. Rab1 Qxa3 25. Nxd5 Qa2 26. Nxf6+ gxf6 27.
Qg4+ Rg7 28. Bc4+ Kh8 29. Qxg7+ Kxg7 30. Bxa2 Rd8 31. Rfe1 Kf8 32. Rbd1 Ra8 33.
Rd7 Bxb4 34. Rb1 a5 35. Rf7+ Ke8 36. Rb2 Ra7 37. Re2+ Kd8 38. Re4 Bc3 39. Rg4
{Black resigns} 1-0

[Event "Team 45 45 League T40"]
[Site "Internet Chess Club"]
[Date "2009.02.07"]
[Round "2"]
[White "UriahHeep"]
[Black "isolani"]
[Result "0-1"]
[WhiteElo "1470"]
[BlackElo "1691"]
[Opening "Réti opening"]
[ECO "A05"]
[Time "13:00:11"]
[TimeControl "2700+45"]

1. Nf3 Nf6 2. g3 d5 3. d4 e6 4. Bg2 Bd6 5. Bg5 Nbd7 6. O-O h6 7. Bxf6 Nxf6 8. c3
O-O 9. Nbd2 Re8 10. Re1 c5 11. Rc1 cxd4 12. cxd4 Bd7 13. a3 Rc8 14. e4 Rxc1 15.
Qxc1 dxe4 16. Nxe4 Nxe4 17. Rxe4 Bc6 18. Re2 Qf6 19. Qd2 Bxf3 20. Bxf3 Qxf3 21.
d5 e5 22. Re3 Qf5 23. b4 Rc8 24. Kg2 Rc2 25. Qe1 e4 26. Kg1 Qxd5 27. Rxe4 Qd2
28. Re8+ Bf8 29. Ra8 Rc1 {White resigns} 0-1

[Event "Team 45 45 League T40"]
[Site "Internet Chess Club"]
[Date "2009.02.08"]
[Round "2"]
[White "Sapienza"]
[Black "gladius"]
[Result "1-0"]
[WhiteElo "1590"]
[BlackElo "1459"]
[Opening "French: exchange variation"]
[ECO "C01"]
[Time "19:08:57"]
[TimeControl "2700+45"]

1. e4 e6 2. d4 d5 3. exd5 exd5 4. c4 c6 5. Nc3 Nf6 6. Nf3 Bd6 7. Bd3 O-O 8. O-O
Bg4 9. h3 Bh5 10. cxd5 cxd5 11. Bg5 Nbd7 12. Qc2 Be7 13. Rfe1 Bxf3 14. gxf3 h6
15. Bh4 Rc8 16. Rac1 a6 17. Qb3 Nb6 18. Rxe7 Qxe7 19. Qxb6 Rc6 20. Qb3 Qd7 21.
Kg2 Nh5 22. Bg3 f5 23. Nxd5 Kh8 24. Rxc6 bxc6 25. Nf4 Nxf4+ 26. Bxf4 Qxd4 27.
Be3 Qf6 28. Qb4 Qg6+ 29. Kf1 Rd8 30. Bc2 Qh5 31. Kg2 Qg6+ 32. Kh2 Qh5 33. Qf4
Rf8 34. Qd6 Rf6 35. Qf4 Rf8 36. Bd4 Rf7 37. Qe5 Qg6 38. Bb3 Rf8 39. Bc4 Re8 40.
Qc7 a5 41. Bf7 Qg5 42. Bxe8 {Black resigns} 1-0

[Event "Team 45 45 League T40"]
[Site "Internet Chess Club"]
[Date "2009.02.08"]
[Round "2"]
[White "joshtournman"]
[Black "PANAMA-REY"]
[Result "1-0"]
[WhiteElo "1523"]
[BlackElo "1516"]
[Opening "Van't Kruijs opening"]
[ECO "A00"]
[Time "19:56:32"]
[TimeControl "2700+45"]

1. e3 e5 2. f4 d6 3. fxe5 dxe5 4. g3 Nf6 5. Nc3 a6 6. Bg2 Nc6 7. Bxc6+ bxc6 8.
Nf3 Bd6 9. O-O Bg4 10. d3 O-O 11. e4 h6 12. Be3 Be7 13. Qd2 Nh7 14. Nxe5 Bh3 15.
Nxc6 Qd7 16. Nxe7+ Qxe7 17. Rf2 Rae8 18. Nd5 Qe5 19. Bc5 c6 20. Bxf8 Rxf8 21.
Nf4 Bg4 22. Qc3 Qc7 23. h3 Bd7 24. Nh5 f6 25. Qc4+ Kh8 26. Nf4 Ng5 27. Ng6+ Kh7
28. Nxf8+ Kh8 29. Ng6+ Kh7 30. Nf4 Nxh3+ 31. Kg2 Nxf2 32. Kxf2 Qb6+ 33. d4 Qb8
34. b3 Qc8 35. Rh1 g5 36. Qf7+ {Black resigns} 1-0

[Event "Team 45 45 League T40"]
[Site "Internet Chess Club"]
[Date "2009.02.06"]
[Round "2"]
[White "bmw2002"]
[Black "SugarIslander"]
[Result "0-1"]
[WhiteElo "1633"]
[BlackElo "1663"]
[Opening "English opening"]
[ECO "A20"]
[Time "17:00:22"]
[TimeControl "2700+45"]

1. c4 e5 2. g3 Nf6 3. Bg2 c6 4. e4 Bc5 5. Nf3 d6 6. Nc3 O-O 7. O-O Be6 8. d3 a5
9. a3 Qc7 10. Bg5 Nbd7 11. Qe2 h6 12. Be3 Ng4 13. Bd2 a4 14. h3 Ngf6 15. Be3
Bxe3 16. fxe3 Nc5 17. d4 Ncxe4 18. Nxe4 Nxe4 19. Kh2 exd4 20. Nxd4 Nc5 21. Rf2
f6 22. Raf1 Qf7 23. Nxe6 Qxe6 24. Rf4 Kh8 25. e4 Nd7 26. h4 Ne5 27. Bh3 Qxc4 28.
Qh5 Qf7 29. Qf5 Ra5 30. Kg2 Rb5 {White resigns} 0-1

[Event "Team 45 45 League T40"]
[Site "Internet Chess Club"]
[Date "2009.02.09"]
[Round "2"]
[White "sra66"]
[Black "BrerRabbit"]
[Result "0-1"]
[WhiteElo "1605"]
[BlackElo "1604"]
[Opening "King's Indian: orthodox variation"]
[ECO "E94"]
[Time "19:18:03"]
[TimeControl "2700+45"]

1. d4 Nf6 2. c4 g6 3. Nc3 Bg7 4. e4 d6 5. Nf3 O-O 6. Be2 e5 7. O-O Na6 8. Be3
Ng4 9. Bg5 Qe8 10. dxe5 dxe5 11. h3 f6 12. Bd2 Nh6 13. Be3 c6 14. a3 Nc7 15. c5
Qe7 16. Qc1 Nf7 17. Qc2 Be6 18. Rfd1 Rad8 19. Rac1 Nh6 20. Nd2 Rd7 21. Nc4 Rfd8
22. Nd6 Ne8 23. Nc4 Qf7 24. Rxd7 Rxd7 25. b3 Qe7 26. Rd1 Nf7 27. Kh2 Qd8 28. Bd3
Bh6 29. Qe2 Kg7 30. Bc2 Rxd1 31. Nxd1 Bxe3 32. Ndxe3 Qd7 33. Ng4 Qd4 34. Qe3
Bxc4 35. Qxd4 exd4 36. bxc4 Nc7 37. Kg3 g5 38. f4 h6 39. Nf2 Ne6 40. Nd3 gxf4+
41. Nxf4 Nxc5 42. Ne2 d3 43. Bd1 dxe2 44. Bxe2 Ne5 45. Kf4 Kg6 46. Ke3 a6 47.
Kd4 b6 48. Kc3 Nxe4+ {White resigns} 0-1

[Event "Team 45 45 League T40"]
[Site "Internet Chess Club"]
[Date "2009.02.10"]
[Round "2"]
[White "MarkNY"]
[Black "oldsj"]
[Result "1/2-1/2"]
[WhiteElo "1586"]
[BlackElo "1616"]
[Opening "Ruy Lopez: open, 6.d4"]
[ECO "C80"]
[Time "19:00:53"]
[TimeControl "2700+45"]

1. e4 e5 2. Nf3 Nc6 3. Bb5 a6 4. Ba4 Nf6 5. O-O Nxe4 6. d4 d5 7. Nxe5 Bd7 8. Re1
Nxe5 9. Bxd7+ Nxd7 10. f3 f5 11. fxe4 dxe4 12. Bf4 Nf6 13. c4 Bd6 14. Bxd6 Qxd6
15. Qa4+ Qd7 16. Qxd7+ Kxd7 17. Nc3 Rae8 18. g3 g5 19. Rf1 Ke6 20. Rad1 Rhf8 21.
a4 Nd7 22. Nd5 Kd6 23. Kf2 c6 24. Nc3 Nf6 25. h3 Nh5 26. c5+ Kc7 27. d5 cxd5 28.
Rxd5 e3+ 29. Kg2 f4 30. Rxg5 e2 31. Rxh5 exf1=Q+ 32. Kxf1 fxg3+ 33. Kg2 Rf7 34.
Kxg3 Rg8+ 35. Kh2 Rf2+ 36. Kh1 Rf1+ 37. Kh2 Rf2+ {Game drawn by mutual
agreement} 1/2-1/2

[Event "Team 45 45 League T40"]
[Site "Internet Chess Club"]
[Date "2009.02.07"]
[Round "2"]
[White "Berkshires"]
[Black "zepled37"]
[Result "1-0"]
[WhiteElo "1549"]
[BlackElo "1549"]
[Opening "Sicilian: Sozin attack"]
[ECO "B86"]
[Time "09:00:55"]
[TimeControl "2700+45"]

1. e4 c5 2. Nf3 e6 3. d4 cxd4 4. Nxd4 Nf6 5. Nc3 d6 6. Bc4 a6 7. Bb3 Qc7 8. O-O
Nc6 9. Re1 Na5 10. Bg5 Nxb3 11. cxb3 Be7 12. Rc1 Qd7 13. Na4 Qd8 14. Nc3 O-O 15.
a3 b5 16. Nc6 Qd7 17. Nxe7+ Qxe7 18. Bxf6 Qxf6 19. Qxd6 Rd8 20. Qc6 Bd7 21. Qc5
Rac8 22. Qe3 Qe7 23. b4 Bc6 24. f3 Qb7 25. Red1 h6 26. Kf1 e5 27. Ke2 f6 28. Nd5
Be8 29. Rxc8 Rxc8 30. Nc3 Bf7 31. Nd5 Rc2+ 32. Rd2 Rc8 33. Kf2 Kf8 34. Nb6 Rc7
35. Nd5 Rc8 36. Qb6 Bxd5 37. Qd6+ Ke8 38. Qxd5 Qb6+ 39. Ke2 Rd8 40. Qg8+ Ke7 41.
Qxg7+ Ke6 42. Rxd8 Qxd8 43. Qxh6 Qd4 44. Qd2 Qg1 45. Qd5+ Ke7 46. Qb7+ Kf8 47.
Qc8+ Kg7 48. Qd7+ Kf8 49. Qh3 Qd4 50. Qh6+ Ke7 51. Qd2 Qg1 52. Qe1 Qxg2+ 53. Qf2
Qxf2+ 54. Kxf2 f5 55. exf5 Kf6 56. Ke3 Kxf5 57. h4 Kg6 58. Ke4 Kf6 59. h5 Kg5
60. Kxe5 Kxh5 61. f4 Kg6 62. Ke6 Kg7 63. f5 Kf8 64. Kf6 Kg8 65. Ke7 Kg7 66. f6+
Kg8 67. f7+ {Black resigns} 1-0

[Event "Team 45 45 League T40"]
[Site "Internet Chess Club"]
[Date "2009.02.08"]
[Round "2"]
[White "adh2050"]
[Black "AMAV"]
[Result "0-1"]
[WhiteElo "2113"]
[BlackElo "2053"]
[Opening "Sicilian: closed"]
[ECO "B23"]
[Time "15:30:09"]
[TimeControl "2700+45"]

1. e4 c5 2. Nc3 a6 3. a4 b6 4. g4 Bb7 5. Bg2 e6 6. d3 d5 7. exd5 exd5 8. Nge2
Qd7 9. Nf4 d4 10. Ncd5 Qd6 11. Qe2+ Kd8 12. O-O Nc6 13. Nxb6 Ra7 14. Re1 Nce7
15. Nc4 Qc7 16. Bd2 Kc8 17. Ba5 Qxf4 18. Nb6+ Kb8 19. Nd7+ Kc8 20. Bd2 Qc7 21.
Nxf8 Bxg2 22. Kxg2 Nf6 23. g5 Nfd5 24. Qg4+ Kb8 25. c4 dxc3 26. bxc3 Rxf8 27. c4
Qd7 28. Qxd7 Rxd7 29. cxd5 Nxd5 30. Rac1 Rc8 31. Re4 Ka7 32. Rh4 g6 33. Rxh7 Kb6
34. Rh4 a5 35. Rhc4 Nb4 36. d4 Ka6 37. Bxb4 axb4 38. dxc5 Ka5 39. Rb1 Rb8 40. c6
Rc7 41. Kf3 Kxa4 42. Ke4 Rb5 43. h4 Ka3 44. Kd3 Rb6 45. Rc2 Rcxc6 46. Ra1+ Kb3
47. Rb1+ Ka4 48. Ra2+ Kb5 49. Rab2 Rc4 50. Rh1 Rd6+ 51. Ke2 Rc3 52. h5 gxh5 53.
Rxh5 Ka4 54. Rh4 Rb6 55. Rf4 Ka3 56. Rb1 Rb7 57. Re4 b3 58. Kf1 b2 59. Ree1 Rbc7
60. Kg2 Ka2 61. f4 R7c4 62. Rf1 Rd4 63. Kh1 Rd2 64. g6 fxg6 {White resigns} 0-1

[Event "Team 45 45 League T40"]
[Site "Internet Chess Club"]
[Date "2009.02.08"]
[Round "2"]
[White "playwaycool"]
[Black "ConfusedDog589"]
[Result "1-0"]
[WhiteElo "2100"]
[BlackElo "1944"]
[Opening "Old Benoni defense"]
[ECO "A43"]
[Time "21:00:10"]
[TimeControl "2700+45"]

1. d4 c5 2. d5 d6 3. c4 g6 4. Nc3 Nf6 5. e4 Bg7 6. Bd3 O-O 7. Nge2 e6 8. O-O
exd5 9. exd5 Na6 10. Re1 Nc7 11. h3 Rb8 12. Bg5 Qd7 13. a4 b6 14. Nb5 a6 15.
Nxc7 Qxc7 16. Nc3 h6 17. Bh4 Nd7 18. f4 Bb7 19. f5 g5 20. Bg3 Rfe8 21. Ne4 Ne5
22. Bc2 Bc8 23. f6 Bf8 24. Nxg5 Bg4 25. hxg4 hxg5 26. Bxe5 Rxe5 27. Qd3 {Black
resigns} 1-0

[Event "Team 45 45 League T40"]
[Site "Internet Chess Club"]
[Date "2009.02.09"]
[Round "2"]
[White "Ben622"]
[Black "Gregorio"]
[Result "0-1"]
[WhiteElo "2105"]
[BlackElo "2169"]
[Opening "Ruy Lopez: closed (9...Na5)"]
[ECO "C96"]
[Time "21:18:42"]
[TimeControl "2700+45"]

1. e4 e5 2. Nf3 Nc6 3. Bb5 a6 4. Ba4 Nf6 5. O-O Be7 6. Re1 b5 7. Bb3 d6 8. c3
O-O 9. h3 Na5 10. Bc2 Re8 11. d4 Nc6 12. a4 Bb7 13. Bd3 Na7 14. d5 c6 15. c4
bxc4 16. Bxc4 cxd5 17. Bxd5 Nxd5 18. exd5 Qa5 19. Nc3 Nb5 20. b4 Nxc3 21. bxa5
Nxd1 22. Rxd1 Bd8 23. Rb1 Re7 24. Ng5 Bc8 25. Ba3 Bf5 26. Rb2 Rd7 27. Nf3 Bxa5
28. Rc1 Be4 29. Rc6 Bxd5 30. Rxd6 Rxd6 31. Bxd6 e4 32. Nd2 Rd8 33. Be7 Re8 34.
Rc2 Bb6 35. Nc4 Bxf2+ 36. Kxf2 Rxe7 37. Ke3 h6 38. Nd6 Rd7 39. Rc8+ Kh7 40. Nf5
Be6 41. Rc5 g6 42. Nd4 Bd5 43. Nc6 Rc7 44. Rxd5 Rxc6 45. Kxe4 Rc4+ 46. Ke5 Rxa4
47. Kf6 Rf4+ 48. Ke7 Kg7 49. Rd6 a5 50. Ra6 Re4+ 51. Kd7 a4 52. Kd8 Re2 53. Rxa4
Rxg2 54. Kd7 Re2 55. Kd6 g5 56. Kd5 Kf6 57. Kd4 h5 58. Kd3 Rh2 59. h4 g4 60. Ke3
Rxh4 61. Ra6+ Kg5 62. Ra5+ f5 63. Kf2 Rh2+ 64. Kg3 Rc2 65. Ra2 h4# {White
checkmated} 0-1

[Event "Team 45 45 League T40"]
[Site "Internet Chess Club"]
[Date "2009.02.08"]
[Round "2"]
[White "kabindra"]
[Black "BRAINWAVE"]
[Result "1/2-1/2"]
[WhiteElo "1855"]
[BlackElo "1828"]
[Opening "Sicilian: Najdorf, 7...Be7"]
[ECO "B98"]
[Time "13:41:06"]
[TimeControl "2700+45"]

1. e4 c5 2. Nf3 d6 3. d4 cxd4 4. Nxd4 Nf6 5. Nc3 a6 6. Bg5 e6 7. f4 Be7 8. Qf3
Nc6 9. O-O-O Bd7 10. g4 Nxd4 11. Rxd4 Qb6 12. Rd1 O-O-O 13. f5 Bc6 14. Be3 Qc7
15. Bg2 e5 16. g5 Nd7 17. Nd5 Bxd5 18. Rxd5 f6 19. h4 Kb8 20. Qf2 Rc8 21. Kb1
Rhd8 22. Rhd1 Ka8 23. Qd2 Nb6 24. Bxb6 Qxb6 25. Bf1 Qc6 26. Bd3 Qb6 27. Be2 Rc6
28. Rd3 Rdc8 29. Rc1 Qd8 30. Rb3 fxg5 31. hxg5 Bxg5 32. Qb4 Qc7 33. Rg1 Rxc2 34.
a3 Rc1+ 35. Rxc1 Qxc1+ 36. Ka2 Qc7 37. Bc4 Bd2 38. Qxd2 Qxc4 39. Qxd6 Qxe4 40.
Qd7 Qc6 41. Qxg7 e4 42. f6 a5 43. f7 a4 44. Rc3 Qd5+ 45. Kb1 Qd1+ 46. Ka2 Qd5+
47. Kb1 {Game drawn by mutual agreement} 1/2-1/2

[Event "Team 45 45 League T40"]
[Site "Internet Chess Club"]
[Date "2009.02.07"]
[Round "2"]
[White "f5"]
[Black "zachi"]
[Result "1-0"]
[WhiteElo "2224"]
[BlackElo "1999"]
[Opening "QGD Slav: 4.Nc3"]
[ECO "D15"]
[Time "13:00:19"]
[TimeControl "2700+45"]

1. d4 d5 2. Nf3 Nf6 3. c4 c6 4. Nc3 a6 5. c5 Nbd7 6. Qc2 Qc7 7. g3 e5 8. b4 h6
9. Bg2 g5 10. dxe5 Nxe5 11. Nxe5 Qxe5 12. Bb2 Qe7 13. O-O Bg7 14. e4 dxe4 15.
Nxe4 O-O 16. Rfe1 Bf5 17. Nxf6+ Qxf6 18. Bxf6 Bxc2 19. Bxg7 Kxg7 20. Re7 Rab8
21. Rae1 Bf5 22. a3 Be6 23. R1xe6 {Black resigns} 1-0

[Event "Team 45 45 League T40"]
[Site "Internet Chess Club"]
[Date "2009.02.04"]
[Round "2"]
[White "Flying-Tiger"]
[Black "chsrules88"]
[Result "1/2-1/2"]
[WhiteElo "1926"]
[BlackElo "1986"]
[Opening "Scotch gambit"]
[ECO "C44"]
[Time "21:01:12"]
[TimeControl "2700+45"]

1. e4 e5 2. Nf3 Nc6 3. d4 exd4 4. Bc4 Bb4+ 5. c3 dxc3 6. bxc3 Ba5 7. O-O Nge7 8.
Ng5 Ne5 9. Nxf7 Nxf7 10. Bxf7+ Kxf7 11. Qh5+ g6 12. Qxa5 d5 13. Bg5 c6 14. Qb4
dxe4 15. Qxe4 Bf5 16. Qe5 h6 17. Qf6+ Kg8 18. Qxe7 hxg5 19. Qxb7 Qb8 20. Qxb8+
Rxb8 21. Nd2 Rh4 22. Nf3 Rc4 23. Rfc1 g4 24. Nd4 Rb2 25. Nxf5 gxf5 26. a4 Rb3
27. h4 gxh3 28. gxh3 Kf7 29. Rab1 Rxb1 30. Rxb1 Rxa4 31. Rb7+ Ke6 32. h4 a5 33.
h5 Rh4 34. Ra7 Rxh5 35. Rxa5 Rh3 36. Rc5 Kd6 37. Rxf5 Rxc3 38. Kf1 Rc2 39. Ke1
c5 40. Kd1 Ra2 41. f4 c4 42. Rf8 Rf2 43. Ke1 Rf3 44. Ke2 Rh3 45. Kd2 {Game drawn
by mutual agreement} 1/2-1/2

[Event "Team 45 45 League T40"]
[Site "Internet Chess Club"]
[Date "2009.02.06"]
[Round "2"]
[White "PaulKaspar"]
[Black "mfeatherston"]
[Result "1/2-1/2"]
[WhiteElo "1813"]
[BlackElo "1895"]
[Opening "Sicilian defense"]
[ECO "B20"]
[Time "09:05:19"]
[TimeControl "2700+45"]

1. e4 c5 2. Bd3 g6 3. c3 d5 4. Bc2 dxe4 5. Bxe4 Nf6 6. Bf3 Bg7 7. Ne2 O-O 8. O-O
Qb6 9. d4 cxd4 10. Qxd4 Nbd7 11. Qxb6 Nxb6 12. Na3 Bg4 13. Bxg4 Nxg4 14. h3 Nf6
15. Nb5 a6 16. Nbd4 h6 17. f4 e6 18. b3 Rfd8 19. c4 Ne4 20. Be3 Rd6 21. Rac1 Nd7
22. Rfd1 Ndf6 23. Nf3 Rad8 24. Rxd6 Rxd6 25. Ne5 Nd7 26. Nxd7 Rxd7 27. Re1 f5
28. Kf1 Kf7 29. g4 Rd3 30. Nc1 Rc3 31. Kg2 h5 32. g5 Bh8 33. h4 Bg7 34. Re2 Bf8
35. a4 Bc5 36. Bxc5 Nxc5 37. Re1 Nxb3 38. Nxb3 Rxb3 39. Rd1 Ke7 40. a5 Rb4 41.
Rc1 Ra4 42. Rb1 Rxa5 43. Rxb7+ Kd8 44. Rg7 Rc5 45. Rxg6 Rxc4 46. Rxe6 Rxf4 47.
Rxa6 Rxh4 48. Kf3 Rg4 49. Rf6 Rxg5 50. Kf4 Rg1 51. Rxf5 h4 52. Rh5 {Game drawn
by mutual agreement} 1/2-1/2

[Event "Team 45 45 League T40"]
[Site "Internet Chess Club"]
[Date "2009.02.05"]
[Round "2"]
[White "BigC"]
[Black "Brechstange"]
[Result "0-1"]
[WhiteElo "1830"]
[BlackElo "1911"]
[Opening "Ruy Lopez: Marshall counter-attack"]
[ECO "C89"]
[Time "10:00:16"]
[TimeControl "2700+45"]

1. e4 e5 2. Nf3 Nc6 3. Bb5 a6 4. Ba4 Nf6 5. O-O b5 6. Bb3 Be7 7. Re1 O-O 8. c3
d5 9. exd5 Nxd5 10. Nxe5 Nxe5 11. Rxe5 Nf6 12. d4 Bd6 13. Re1 Ng4 14. h3 Qh4 15.
Be3 Bh2+ 16. Kf1 Nxe3+ 17. Rxe3 Bf4 18. Rf3 Bb7 19. d5 Rfe8 20. Qd4 Qe7 21. Qd1
Qh4 22. Qd4 g5 23. Na3 Rad8 24. Rd3 Bc8 25. Rf3 Bg4 26. Rxf4 gxf4 27. Kg1 Bxh3
28. gxh3 Qxh3 29. Qxf4 Rd6 30. Bc2 Kh8 31. Qd4+ f6 32. f4 Rg8+ 33. Kf2 Qh2+ 34.
Ke3 Rg3+ 35. Ke4 Qg2+ 36. Kf5 Rxd5+ 37. Kxf6 Rxd4 38. cxd4 Qc6+ 39. Kf5 b4 40.
Be4 Qg6+ 41. Ke5 Qd6+ 42. Kf5 bxa3 43. bxa3 Kg7 44. Rb1 Qf6# {White checkmated}
0-1

[Event "Team 45 45 League T40"]
[Site "Internet Chess Club"]
[Date "2009.02.09"]
[Round "2"]
[White "manzeer"]
[Black "dougmo"]
[Result "1-0"]
[WhiteElo "1604"]
[BlackElo "1523"]
[Opening "French: exchange variation"]
[ECO "C01"]
[Time "18:04:33"]
[TimeControl "2700+45"]

1. e4 e6 2. d4 d5 3. exd5 exd5 4. g3 Nf6 5. Bg2 Be7 6. Nf3 O-O 7. O-O Bg4 8. Re1
Nbd7 9. Bf4 Re8 10. Nc3 c6 11. Re3 Nb6 12. b3 Nh5 13. h3 Nxf4 14. hxg4 Nxg2 15.
Kxg2 Bb4 16. Qd3 Rxe3 17. fxe3 Qe7 18. Rh1 g6 19. Ne2 Re8 20. Kf2 Nd7 21. g5 Nf8
22. Nf4 Qe4 23. Qxe4 Rxe4 24. c4 dxc4 25. bxc4 Bd6 26. c5 Bc7 27. Nh2 Bd8 28.
Kf3 Re8 29. Nh3 Ne6 30. Kg4 Ng7 31. Kf3 Nf5 32. Ng4 Kg7 33. Rd1 Bc7 34. Nf4 Rd8
35. Nf6 h5 36. Rb1 b6 37. Re1 b5 38. Rh1 a5 39. g4 hxg4+ 40. Kxg4 Rh8 41. Rxh8
Kxh8 42. Kf3 b4 43. Nd3 Bd8 44. Ne4 Ng7 45. Ne5 Kg8 46. Nxc6 Ne6 47. d5 Nxg5+
48. Nxg5 Bxg5 49. Nxa5 Bd8 50. Nb7 Bc7 51. d6 Bb8 52. c6 {Black resigns} 1-0

[Event "Team 45 45 League T40"]
[Site "Internet Chess Club"]
[Date "2009.02.07"]
[Round "2"]
[White "EyeAm"]
[Black "whuffor"]
[Result "1-0"]
[WhiteElo "1476"]
[BlackElo "1422"]
[Opening "two knights defense: Ulvestad variation"]
[ECO "C57"]
[Time "18:00:09"]
[TimeControl "2700+45"]

1. e4 e5 2. Nf3 Nc6 3. Bc4 Nf6 4. Ng5 d5 5. exd5 b5 6. Bxb5 Qxd5 7. Be2 Qxg2 8.
Bf3 Qxg5 9. Bxc6+ Bd7 10. Bxa8 e4 11. Qe2 Qg2 12. Qf1 Qf3 13. Rg1 Bg4 14. Nc3
Bb4 15. Qb5+ {Black resigns} 1-0

[Event "Team 45 45 League T40"]
[Site "Internet Chess Club"]
[Date "2009.02.09"]
[Round "2"]
[White "slipkid"]
[Black "wekabird"]
[Result "0-1"]
[WhiteElo "1527"]
[BlackElo "1274"]
[Opening "Caro-Kann: Panov-Botvinnik attack"]
[ECO "B13"]
[Time "15:58:33"]
[TimeControl "2700+45"]

1. e4 c6 2. d4 d5 3. exd5 cxd5 4. c4 e6 5. Nf3 Nf6 6. c5 Nc6 7. Bb5 a6 8. Ba4
Be7 9. O-O O-O 10. Bf4 Bd7 11. a3 Na5 12. Bxd7 Qxd7 13. Nc3 Nc6 14. Re1 Qe8 15.
Qd2 Qd8 16. h3 Nh5 17. Bh2 Nf6 18. Re3 Na5 19. Qc2 b6 20. b4 Nc4 21. Re2 bxc5
22. bxc5 Rb8 23. Bxb8 Qxb8 24. Rb1 Qf4 25. Rb7 Re8 26. Nd2 Nxd2 27. Qxd2 Qh4 28.
f3 Nh5 29. Qb2 g6 30. c6 Qxd4+ 31. Kf1 Ng3+ 32. Ke1 Nxe2 33. Nxe2 Qxb2 34. Rxb2
Rc8 35. Rb6 a5 36. a4 Bb4+ 37. Kf2 Bc5+ {White resigns} 0-1

[Event "Team 45 45 League T40"]
[Site "Internet Chess Club"]
[Date "2009.02.07"]
[Round "2"]
[White "WilmaP"]
[Black "The-Capitalist"]
[Result "0-1"]
[WhiteElo "1204"]
[BlackElo "1194"]
[Opening "Ruy Lopez: Caro variation"]
[ECO "C70"]
[Time "17:00:35"]
[TimeControl "2700+45"]

1. e4 e5 2. Nf3 Nc6 3. Bb5 a6 4. Ba4 b5 5. Bb3 Nf6 6. O-O Bc5 7. Re1 O-O 8. c3
Re8 9. d4 exd4 10. cxd4 Bb4 11. Re2 Rxe4 12. Bg5 Rxe2 13. Qxe2 Qe8 14. Ne5 Nd8
15. Nd2 Bxd2 16. Bxd2 d6 17. Qf3 dxe5 18. Qxa8 Bb7 19. Qa7 Qc6 20. Bxf7+ Kxf7
21. f3 Qb6 22. Qxb6 cxb6 23. dxe5 Nd5 24. Re1 Bc8 25. f4 g6 26. g3 h5 27. Kf2
Ne6 28. Kg2 a5 29. Rf1 Nc5 30. h3 b4 31. Kf3 Bb7 32. g4 Nf6+ 33. Kg3 Nfe4+ 34.
Kh4 Nxd2 35. Re1 Nf3+ 36. Kg3 Nxe1 37. f5 Ne4+ 38. Kf4 hxg4 39. e6+ Kf6 40. Kxg4
gxf5+ 41. Kf4 Kxe6 42. h4 Ng2+ 43. Kf3 {White resigns} 0-1

[Event "Team 45 45 League T40"]
[Site "Internet Chess Club"]
[Date "2009.02.08"]
[Round "2"]
[White "SCUGrad"]
[Black "Manch"]
[Result "0-1"]
[WhiteElo "1411"]
[BlackElo "1513"]
[Opening "King's pawn game"]
[ECO "C50"]
[Time "07:20:52"]
[TimeControl "2700+45"]

1. e4 e5 2. Nf3 Nc6 3. Bc4 Nd4 4. c3 Nxf3+ 5. Qxf3 Nf6 6. d4 d6 7. h3 Be7 8. O-O
O-O 9. Re1 c6 10. dxe5 dxe5 11. Bg5 h6 12. Bh4 Nh7 13. Bg3 Bf6 14. Rd1 Qe7 15.
Nd2 Be6 16. Bb3 b5 17. Rac1 a5 18. Qh5 a4 19. Bxe6 Qxe6 20. Nf3 Rfe8 21. Ra1 Ng5
22. Nxg5 Bxg5 23. Qe2 Rad8 24. Qc2 Rxd1+ 25. Qxd1 Rd8 26. Qc2 Rd2 27. Qb1 Qc4
28. Qf1 Qxe4 29. Re1 Qc2 30. Rxe5 Qxb2 31. Rc5 Rc2 32. Qd3 Bf6 33. Rxc6 Rxc3 34.
Rxc3 Bxc3 35. Qd5 a3 36. Qa8+ Kh7 37. Bd6 Qxa2 38. Qxa3 Qxa3 39. Bxa3 b4 40.
Bxb4 Bxb4 41. Kf1 g5 42. Ke2 Kg6 43. f3 f5 44. Kd3 Kf6 45. Kd4 Ke6 46. Kd3 Kd5
47. Ke2 h5 48. g4 hxg4 49. hxg4 f4 50. Kd3 Ba5 51. Ke2 Kd4 52. Kf2 Kd3 53. Kf1
Ke3 54. Kg2 Ke2 {White resigns} 0-1

[Event "Team 45 45 League T40"]
[Site "Internet Chess Club"]
[Date "2009.02.06"]
[Round "2"]
[White "Shazaam"]
[Black "havertown"]
[Result "0-1"]
[WhiteElo "1455"]
[BlackElo "1422"]
[Opening "Queen's pawn: stonewall attack"]
[ECO "A45"]
[Time "19:30:44"]
[TimeControl "2700+45"]

1. d4 Nf6 2. e3 d5 3. Bd3 e6 4. Nd2 Bd6 5. f4 Nbd7 6. Ngf3 c5 7. c3 c4 8. Bc2 b5
9. O-O b4 10. Ne5 bxc3 11. bxc3 O-O 12. g4 Ne8 13. Qf3 f6 14. Qh3 h6 15. Ng6 Rf7
16. e4 f5 17. e5 fxg4 18. Qxg4 Be7 19. Nxe7+ Qxe7 20. Qg6 Nef6 21. exf6 Nxf6 22.
Nf3 Ne4 23. Bxe4 dxe4 24. Qxe4 Bb7 25. Qe1 g5 26. Ne5 Rg7 27. h3 gxf4+ 28. Kh2
Rg2+ 29. Kh1 Re2+ {White resigns} 0-1